 Dungeon Crawl Stone Soup version 0.25-a0-869-g05d4e06a41 (webtiles) character file.

Game seed: 4446723521811946780, levelgen mode: deterministic

11431 Mrkan the Cleaver (level 11, -14/97 HPs)
             Began as a Yellow Draconian Fighter on Apr 30, 2020.
             Was an Elder of Nemelex Xobeh.
             Demolished by a death yak (19 damage)
             ... on level 1 of the Lair of Beasts on May 1, 2020.
             The game lasted 00:31:02 (13507 turns).

Mrkan the Cleaver (Yellow Draconian Fighter)       Turns: 13507, Time: 00:31:03

Health: -14/97     AC:  7    Str: 23    XL:     11   Next: 49%
Magic:  0/18       EV: 11    Int:  5    God:    Nemelex Xobeh [****..]
Gold:   157        SH: 24    Dex: 17    Spells: 10/10 levels left

rFire    . . .     SeeInvis .   a - +0 war axe
rCold    . . .     Gourm    .   K - +3 tower shield
rNeg     + . .     Faith    .   (armour unavailable)
rPois    +         Spirit   +   (helmet restricted)
rElec    .         Reflect  +   i - scarf {Spirit}
rCorr    +         Harm     .   (no gloves)
MR       .....                  (no boots)
Stlth    ++........             j - +4 amulet of reflection
HPRegen  0.26/turn              n - ring "Boar Vask" {rPois rN+ Str+4 Int-4}
MPRegen  0.16/turn              k - +4 ring of dexterity

@: no status effects
A: spit acid, unfitting armour, cold-blooded, acid resistance, AC +7
a: Breathe Acid, Draw Escape, Draw Destruction, Draw Summoning, Triple Draw,
Deal Four, Renounce Religion


You were on level 1 of the Lair of Beasts.
You worshipped Nemelex Xobeh.
Nemelex Xobeh was greatly pleased with you.
You were not hungry.

You visited 2 branches of the dungeon, and saw 11 of its levels.
You also visited: Ossuary.

You collected 544 gold pieces.
You spent 387 gold pieces at shops.

Inventory:

Hand Weapons
 a - a +0 war axe (weapon)
 g - a +0 mace of draining
 t - a +1 morningstar
 z - a +0 whip of flaming
Armour
 i - a scarf of spirit shield (worn)
 K - a +3 tower shield (worn)
Jewellery
 j - a +4 amulet of reflection (around neck)
 k - a +4 ring of dexterity (right hand)
 n - the ring "Boar Vask" (left hand) {rPois rN+ Str+4 Int-4}
   (You found it on level 8 of the Dungeon)

   [ring of poison resistance]

   It affects your strength (+4).
   It affects your intelligence (-4).
   It protects you from poison.
   It protects you from negative energy.
 r - an uncursed amulet of faith {unknown}
 J - a +3 ring of evasion {unknown}
Wands
 y - a wand of acid (10)
 C - a wand of random effects (20)
 H - a wand of enslavement (8)
Scrolls
 e - 6 scrolls of remove curse
 f - 10 scrolls of teleportation
 p - 4 scrolls of blinking
 q - a scroll of fog
 F - 2 scrolls of noise {unknown}
 G - a scroll of magic mapping
 I - a scroll of silence {unknown}
Potions
 c - 3 potions of brilliance
 l - 3 potions of mutation
 m - a potion of magic
 o - a potion of flight {unknown}
 s - 4 potions of might
 v - 3 potions of degeneration
 x - a potion of berserk rage
 A - 3 potions of curing
 B - a potion of cancellation
 E - a potion of ambrosia {unknown}
Miscellaneous
 u - a box of beasts
 w - a tin of tremorstones
Comestibles
 d - 13 rations


   Skills:
 + Level 9.1 Fighting
 * Level 11.1 Axes
 - Level 4.2 Dodging
 + Level 8.9 Shields
 * Level 9.5 Invocations


You had 10 spell levels left.
You didn't know any spells.
Your spell library contained the following spells:

 Spells                   Type           Power        Failure   Level  Hunger
 Beastly Appendage        Tmut           #.....       99%         1    ##.....
 Foxfire                  Conj/Fire      #...         99%         1    ##.....
 Corpse Rot               Necr/Air       N/A          99%         2    ###....
 Sticks to Snakes         Tmut           #.......     99%         2    ###....
 Conjure Flame            Conj/Fire      #.......     100%        3    ####...
 Inner Flame              Hex/Fire       #.......     100%        3    ####...
 Spider Form              Tmut/Pois      #.........   100%        3    ####...
 Stone Arrow              Conj/Erth      #.....       100%        3    ####...
 Ice Form                 Ice/Tmut       #.......     100%        4    #####..
 Sticky Flame             Conj/Fire      #.......     100%        4    #####..
 Blade Hands              Tmut           #.........   100%        5    ######.
 Fireball                 Conj/Fire      #.........   100%        5    ######.
 Irradiate                Conj/Tmut      #.........   100%        5    ######.
 Summon Forest            Summ/Tloc      #.........   100%        5    ######.
 Eringya's Noxious Bog    Tmut/Pois      #.........   100%        6    #######
 Hydra Form               Tmut           #.........   100%        6    #######
 Statue Form              Tmut/Erth      #........    100%        6    #######
 Dragon Form              Tmut           #.........   100%        7    #######
 Summon Hydra             Summ           #.........   100%        7    #######


Dungeon Overview and Level Annotations

Branches:
Dungeon (9/15)             Temple (0/1) D:7            Lair (2/6) D:8
Ossuary (visited)
  Swamp: Lair:2-4    Shoals: Lair:2-4     Snake: Lair:2-4    Spider: Lair:2-4
    Orc: D:9-12

Altars:
Ashenzari
Gozag
Hepliaklqana
Makhleb
Nemelex Xobeh
Sif Muna
Uskayaw
Vehumet
Xom
Yredelemnul
Zin
The Shining One

Shops:
D:9 *(*!*

Annotations:
D:3 1 runed translucent door, Crazy Yiuf
D:9 3 runed translucent doors, Fukker's ghost, novice MiBe
Lair:1 exclusion: oklob plant


Innate Abilities, Weirdness & Mutations

You can spit globs of acid.
Your golden yellow scales are hard. (AC +7)
You cannot fit into any form of body armour.
You are cold-blooded and may be slowed by cold attacks.
You are resistant to acid. (rCorr)


Message History

The death yak gores you!!
* * * LOW HITPOINT WARNING * * *
You feel much better. You block the death yak's attack. x2
The death yak gores you.
* * * LOW HITPOINT WARNING * * *
There is a stone staircase leading up here.
You block the death yak's attack.
The death yak gores you but does no damage.
You climb upwards.
Level annotation: exclusion: oklob plant
There is a stone staircase leading down here.
You draw a card...
You have drawn the Tomb.
Walls emerge from the floor!
You block the death yak's attack. x2
You draw a card...
You have drawn Wild Magic.
Nothing appears to happen.
You block the death yak's attack. The death yak gores you!!
* * * LOW HITPOINT WARNING * * *
The death yak barely misses you. You block the death yak's attack.
The death yak barely misses you. The death yak gores you!!
You die...
Your body glows with a rainbow of weird colours and disappears.

### #..## #.#####
..###########...#####.###########
.................................
.................................
###................####..........
#................# #).........
#................# #..........
#............#Y#.# #..........
##............#@#.# #..........
##.............#Y#.## #..........
.##.......[.........###..........
.................................
.................................
......###P..#.##...##...####...##
.......###..####...##P..# #..P#
......## #..# ##..###P..## #...#
......# ##..# #...# ##...# #..##


You could see 2 death yaks.

Vanquished Creatures
  A hydra (Lair:1)
  A centaur warrior (D:8)
  Pikel (D:9)
  A black mamba (Lair:1)
  2 spiny frogs (Lair:1)
  3 komodo dragons (Lair:1)
  2 trolls (D:9)
  2 hippogriffs
  A wyvern (D:8)
  5 yaks (D:9)
  2 basilisks (Lair:1)
  2 hungry ghosts (D:8)
  A water moccasin (Lair:1)
  2 porcupines (Lair:1)
  An ice beast (D:7)
  A black bear (Lair:1)
  A phantom (D:8)
  An orc warrior (D:7)
  3 sky beasts
  A necrophage (D:8)
  4 centaurs
  4 ogres
  2 crocodiles
  10 bullfrogs
  A big kobold (D:8)
  3 scorpions (D:6)
  10 killer bees
  A wight (D:8)
  3 crimson imps
  2 quasits (D:7)
  2 centaur zombies (D:9)
  A centaur skeleton (D:8)
  4 bullfrog skeletons
  5 orc priests
  4 hounds
  A jelly (D:8)
  5 iguanas
  3 orc wizards
  Terence (D:3)
  16 worker ants
  8 big kobold zombies (Ossuary)
  2 hound zombies
  3 hound skeletons
  A mummy (Ossuary)
  3 gnolls (D:7)
  2 howler monkey skeletons
  17 adders
  3 shadow imps
  3 oozes
  An adder zombie (D:5)
  2 adder skeletons (D:4)
  A worm (D:2)
  A dart slug (D:1)
  8 leopard geckos
  24 orcs
  6 spectral bats (Ossuary)
  2 ball pythons
  11 bats
  7 giant cockroaches
  4 gnoll zombies (Ossuary)
  7 goblins
  4 hobgoblins
  11 jackals
  10 quokkas
  A bat simulacrum (Ossuary)
  3 frilled lizards
  3 goblin simulacra (Ossuary)
  5 goblin zombies (Ossuary)
  4 hobgoblin zombies (Ossuary)
  11 kobolds
  4 kobold simulacra (Ossuary)
  6 kobold zombies (Ossuary)
  3 orc zombies (Ossuary)
  A quokka skeleton (D:7)
  5 rats
  3 rat simulacra (Ossuary)
  3 spectral goblins (Ossuary)
  3 spectral kobolds (Ossuary)
  A spectral rat (Ossuary)
  A fungus (Lair:1)
314 creatures vanquished.

Vanquished Creatures (collateral kills)
  2 death yaks (Lair:2)
2 creatures vanquished.

Vanquished Creatures (others)
  A wyvern (D:9)
  3 slaves (D:9)
  An orc warrior (D:9)
  A scorpion (D:7)
  A bullfrog zombie (D:9)
  2 orc wizards
  A gnoll (D:7)
  2 orcs
  2 kobolds (D:8)
  2 fungi
16 creatures vanquished.

Grand Total: 332 creatures vanquished

Notes
Turn   | Place    | Note
-------+----------+-------------------------------------------
     0 | D:1      | Mrkan the Draconian Fighter began the quest for the Orb.
     0 | D:1      | Reached XP level 1. HP: 19/19 MP: 1/1
   237 | D:1      | Reached XP level 2. HP: 25/26 MP: 2/2
   697 | D:2      | Reached XP level 3. HP: 28/31 MP: 3/3
  1042 | D:2      | Reached skill level 3 in Axes
  1075 | D:2      | HP: 1/33 [poisoned by an adder]
  1368 | D:2      | Reached XP level 4. HP: 40/40 MP: 4/4
  1732 | D:2      | Found a sparkling altar of Nemelex Xobeh.
  1805 | D:2      | Became a worshipper of Nemelex Xobeh the Trickster
  1972 | D:2      | Received a gift from Nemelex Xobeh
  1999 | D:2      | Found a radiant altar of Vehumet.
  2360 | D:3      | Noticed Terence
  2375 | D:3      | Killed Terence
  2402 | D:3      | Reached XP level 5. HP: 32/46 MP: 5/5
  2678 | D:3      | Found a runed translucent door.
  2679 | D:3      | Noticed Crazy Yiuf
  2762 | D:3      | Found a shimmering blue altar of Sif Muna.
  2829 | D:4      | Reached * piety under Nemelex Xobeh
  2831 | D:4      | Found a shattered altar of Ashenzari.
  2878 | D:4      | Reached skill level 4 in Axes
  3299 | D:4      | Reached XP level 6. HP: 39/53 MP: 6/6
  3310 | D:4      | Reached skill level 5 in Shields
  3824 | D:4      | Found an opulent altar of Gozag.
  4730 | D:5      | Entered Level 5 of the Dungeon
  4745 | D:5      | Found a sand-covered staircase.
  4752 | Ossuary  | Entered an ossuary
  4771 | Ossuary  | Received a gift from Nemelex Xobeh
  4886 | Ossuary  | Reached skill level 5 in Axes
  4889 | Ossuary  | Your scales start taking on a golden yellow colour.
  4889 | Ossuary  | Reached XP level 7. HP: 52/60 MP: 7/7
  4889 | Ossuary  | Gained mutation: You are resistant to acid. (rCorr) [Yellow
                  | Draconian growth]
  4995 | Ossuary  | Reached skill level 5 in Fighting
  5381 | D:5      | Reached skill level 6 in Axes
  5575 | D:5      | Reached XP level 8. HP: 57/69 MP: 8/8
  5742 | D:5      | Reached ** piety under Nemelex Xobeh
  6344 | D:6      | Found a hazy altar of Hepliaklqana.
  6422 | D:6      | Reached skill level 1 in Invocations
  6428 | D:6      | You fall into a shaft and drop 1 floor!
  6428 | D:7      | Received a gift from Nemelex Xobeh
  6497 | D:7      | Found a glowing golden altar of the Shining One.
  6506 | D:7      | Reached skill level 7 in Axes
  7053 | D:7      | Upgraded the game from 0.25-a0-865-gd392131cc7 to
                  | 0.25-a0-869-g05d4e06a41
  7162 | D:7      | Found a staircase to the Ecumenical Temple.
  7229 | D:7      | Found a shimmering altar of Xom.
  7771 | D:8      | Reached XP level 9. HP: 47/78 MP: 11/11
  7780 | D:8      | Received a gift from Nemelex Xobeh
  8255 | D:8      | Reached skill level 8 in Axes
  8308 | D:7      | HP: 3/78 [killer bee (3)]
  8754 | D:8      | Found a staircase to the Lair.
  8758 | D:8      | Reached *** piety under Nemelex Xobeh
  8894 | D:8      | Found a burning altar of Makhleb.
  9285 | D:8      | Received a gift from Nemelex Xobeh
  9338 | D:8      | Reached skill level 5 in Invocations
  9859 | D:8      | Noticed a centaur warrior
  9886 | D:8      | Reached skill level 9 in Axes
  9886 | D:8      | Reached XP level 10. HP: 67/85 MP: 14/14
  9902 | D:8      | Killed a centaur warrior
 10257 | D:8      | Got a glittering iron ring
 10279 | D:8      | Identified the ring "Boar Vask" {rPois rN+ Str+4 Int-4}
                  | (You found it on level 8 of the Dungeon)
 10423 | D:9      | Found Itseacaz's Weapon Shoppe.
 10424 | D:9      | Noticed Pikel
 10445 | D:9      | Killed Pikel
 10446 | D:9      | Found Idghepul's Assorted Antiques.
 10691 | D:9      | Bought a potion of curing for 72 gold pieces
 10716 | D:9      | Found a hide-covered altar of Uskayaw.
 10848 | D:9      | Found a basalt altar of Yredelemnul.
 11033 | D:9      | Found Faosk's Distillery.
 11036 | D:9      | Bought a potion of heal wounds for 75 gold pieces
 11036 | D:9      | Bought a potion of heal wounds for 75 gold pieces
 11036 | D:9      | Bought a potion of heal wounds for 75 gold pieces
 11036 | D:9      | Bought a potion of curing for 45 gold pieces
 11036 | D:9      | Bought a potion of curing for 45 gold pieces
 11079 | D:9      | Found Maxelem's General Store.
 11163 | D:9      | Reached skill level 10 in Axes
 11205 | D:9      | Found a runed translucent gate.
 11205 | D:9      | Found a runed translucent gate.
 11209 | D:9      | Found a runed translucent gate.
 11213 | D:9      | Noticed Fukker's ghost (novice MiBe)
 11339 | D:9      | Found a glowing silver altar of Zin.
 11340 | D:9      | Found Zin's Purification Station.
 11832 | Lair:1   | Entered Level 1 of the Lair of Beasts
 11872 | Lair:1   | Received a gift from Nemelex Xobeh
 11897 | Lair:1   | Noticed a spiny frog
 11904 | Lair:1   | Killed a spiny frog
 11906 | Lair:1   | Reached XP level 11. HP: 85/94 MP: 15/17
 12005 | Lair:1   | Noticed a six-headed hydra
 12012 | Lair:1   | Killed a six-headed hydra
 12256 | Lair:1   | Reached **** piety under Nemelex Xobeh
 12462 | Lair:1   | Noticed an oklob plant
 12481 | Lair:1   | Received a gift from Nemelex Xobeh
 13464 | Lair:2   | Noticed a death yak
 13464 | Lair:2   | Noticed a death yak
 13465 | Lair:2   | Noticed a death yak
 13465 | Lair:2   | Noticed a death yak
 13466 | Lair:2   | Noticed a death yak
 13469 | Lair:2   | Noticed a death yak
 13471 | Lair:2   | Killed a death yak
 13471 | Lair:2   | Reached skill level 11 in Axes
 13475 | Lair:2   | Killed a death yak
 13507 | Lair:1   | Demolished by a death yak

Levels and vault maps discovered:
D:1:      mrwooster_arrival_statue_3, layout_basic, minmay_pentomino_p2
D:2:      layout_basic, nemelex_xobeh_ov_fountains_minmay,
          nicolae_overflow_crystal_walls, first_ration
D:3:      layout_basic, tgw_sif, uniq_crazy_yiuf_cottage, uniq_terence
D:4:      layout_rooms, lemuel_crystal_altar, grunt_gozag_statues,
          minmay_misc_feat_rugged, chequers_serial_rivers_small_a
D:5:      layout_basic, lightli_ossuary_entry_decrepit_ruins
D:6:      layout_basic, nicolae_overflow_hidden_temple, kennysheep_mini,
          basic_altar
D:7:      layout_basic, xom_confusion_cloud, tso_oasis_becter,
          minmay_temple_entry_glassed_door
D:8:      minmay_the_grid_triangle_9x9_rhombus_full
          [minmay_the_grid_triangle_9x9_longest,
          minmay_the_grid_triangle_9x9_sparse_checkered,
          minmay_the_grid_triangle_9x9_wacky_v,
          minmay_the_grid_triangle_9x9_intruding_spiral,
          minmay_the_grid_triangle_9x9_semitri,
          minmay_the_grid_triangle_9x9_from_above,
          minmay_the_grid_triangle_9x9_windchime,
          minmay_the_grid_triangle_9x9_prize_insulated], layout_cave_pools,
          lightli_temple_of_fire, lair_entry_dummy
D:9:      layout_loops_ring, zin_purify, lemuel_doored_altar,
          yredelemnul_altar_generic, serial_shops, shop, shop,
          nicolae_shop_behind_doors, nicolae_shop_statue_plus,
          gammafunk_ghost_spectres, uniq_pikel
Lair:1:   layout_small_grid, grunt_megastairs_3, minmay_lair_oklob_chamber
Lair:2:   layout_loops_ring, swamp_mist, grunt_megastairs_2

Skill      XL: |  1  2  3  4  5  6  7  8  9 10 11 |
---------------+----------------------------------+-----
Axes           | 3 4 5 6 7 9 10 11 | 11.1
Shields        | 4 5 6 7 8 |  8.9
Fighting       | 4 5 6 7 8 9 |  9.1
Dodging        | 3 4 |  4.2
Invocations    | 3 6 8 9 |  9.5

Action                   |  1- 3 |  4- 6 |  7- 9 | 10-12 || total
-------------------------+-------+-------+-------+-------++-------
Melee: War axe           |    92 |   273 |   592 |   261 ||  1218
       Tailslap          |    13 |    31 |    73 |    78 ||   195
       Whip              |       |       |       |    39 ||    39
Invok: Draw Escape       |       |       |     1 |     3 ||     4
       Draw Destruction  |       |       |       |     9 ||     9
 Abil: Breathe Acid      |       |       |    12 |     9 ||    21
  Use: Potion            |     1 |       |     4 |     4 ||     9
       Scroll            |       |     4 |    13 |     3 ||    20
 Stab: Sleeping          |       |     1 |     4 |     1 ||     6
  Eat: Chunk             |     1 |    11 |    12 |    12 ||    36
       Ration            |       |       |     3 |     1 ||     4
Armor: Skin              |    46 |    80 |   163 |    31 ||   320
Dodge: Dodged            |    65 |   121 |   256 |    94 ||   536
Block: Kite shield       |    53 |   169 |   550 |   202 ||   974
       Reflection        |       |       |    13 |       ||    13
       Tower shield      |       |       |       |    26 ||    26

Table legend:
 A = Non-vault XP
 B = Vault XP
 C = Vault XP percentage of total XP
 D = Non-vault monster count
 E = Vault monster count
 F = Vault count percentage of total count
                 A         B        C        D         E       F
            +---------+---------+-------+---------+---------+-------
      Total |   12376 |    3955 |  24.2 |     229 |      88 |  27.8
            +---------+---------+-------+---------+---------+-------
        D:1 |      27 |       3 |  10.0 |      16 |       2 |  11.1
        D:2 |     111 |       0 |   0.0 |      30 |       0 |   0.0
        D:3 |      33 |      36 |  52.2 |      14 |       1 |   6.7
        D:4 |     471 |       0 |   0.0 |      28 |       0 |   0.0
        D:5 |     526 |       0 |   0.0 |      23 |       0 |   0.0
        D:6 |     633 |       0 |   0.0 |      23 |       0 |   0.0
        D:7 |     796 |     133 |  14.3 |      24 |       5 |  17.2
        D:8 |     985 |    2658 |  73.0 |      19 |      22 |  53.7
        D:9 |    2793 |     607 |  17.9 |      33 |       1 |   2.9
     Lair:1 |    4693 |     232 |   4.7 |      17 |       2 |  10.5
     Lair:2 |    1308 |       0 |   0.0 |       2 |       0 |   0.0
    Ossuary |       0 |     286 | 100.0 |       0 |      55 | 100.0
            +---------+---------+-------+---------+---------+-------
